 Dungeon Crawl Stone Soup version 0.31.0-1-g2c135a0 (webtiles) character file.

Game seed: 13264553920917549145

17679 edsrzf the Gouger (level 12, -2/60 HPs)
             Began as a Felid Cinder Acolyte on Jan 25, 2024.
             Was a Believer of Ignis.
             Slain by a meliai
             ... wielding a +0 war axe
              (9 damage)
             ... on level 2 of the Lair of Beasts on Jan 28, 2024.
             The game lasted 00:40:32 (10182 turns).

edsrzf the Gouger (Felid Cinder Acolyte)           Turns: 10182, Time: 00:40:33

Health: -2/60      AC:  3    Str: 10    XL:     12   Next: 21%
Magic:  19/22      EV: 27    Int: 20    God:    Ignis [**....]
Gold:   579        SH:  0    Dex: 15    Spells: 18/23 levels left
                                        Lives:  0   Deaths: 4

rFire   + .          .
                       - Unarmed
rCold   + + .        (shield unavailable)
rNeg    . . .        (body armour unavailable)
rPois   .            (helmet unavailable)
rElec   .            (cloak unavailable)
rCorr   .            (gloves unavailable)
SInv    +            (boots unavailable)
Will    +....        f - amulet of regeneration
Stlth   +++++        B - +5 ring of evasion
HPRegen 1.10/turn    v - ring of protection from cold
MPRegen 0.18/turn

%: no passive effects
@: no status effects
A: very small, claws 1, fangs 3, see invisible, shaggy fur 3, stealthy paws, no
weapons or thrown items, no armour, multi-lived, wild magic 1
a: Renounce Religion, Fiery Armour, Foxfire Swarm, Rising Flame


You were on level 2 of the Lair of Beasts.
You worshipped Ignis.
Ignis was pleased with you.
You visited 2 branches of the dungeon, and saw 14 of its levels.

You collected 728 gold pieces.
You spent 149 gold pieces at shops.

Inventory:

Jewellery
 f - an amulet of regeneration (around neck)
 m - a ring of positive energy
 v - a ring of protection from cold (right paw)
 w - a ring of flight
 x - an amulet of the acrobat
 y - a ring of protection from cold
 B - a +5 ring of evasion (left paw)
 C - the ring "Teocouze" {MP+9 Int+3}
   (You found it on level 1 of the Lair of Beasts)

   [ring of magical power]

   Int+3:     It affects your intelligence (+3).
   MP+9:      It affects your magic capacity (+9).
Talismans
 A - a blade talisman
Wands
 i - a wand of light (7)
 j - a wand of mindburst (14)
 l - a wand of paralysis (27)
 n - a wand of polymorph (10)
 t - a wand of flame (43)
Scrolls
 a - 2 scrolls of blinking
 e - 2 scrolls of poison {unknown}
 g - a scroll of enchant weapon {unknown}
 h - 3 scrolls of fog
 o - a scroll of acquirement {unknown}
 p - a scroll of fear {unknown}
 q - a scroll of amnesia {unknown}
 s - 2 scrolls of noise {unknown}
 z - a scroll of revelation {unknown}
 D - a scroll of summoning {unknown}
 E - a scroll of immolation {unknown}
 F - a scroll of enchant armour {unknown}
 G - a scroll of silence {unknown}
Potions
 b - a potion of haste
 c - 2 potions of brilliance
 d - 4 potions of mutation {!q}
 k - 4 potions of lignification
 r - 2 potions of might
 u - 3 potions of enlightenment
 H - a potion of berserk rage {unknown}
 I - 2 potions of invisibility


   Skills:
 - Level 5.0 Fighting
 - Level 10.0 Dodging
 - Level 11.0 Stealth
 + Level 12.9 Unarmed Combat
 - Level 6.0 Spellcasting
 - Level 4.0 Conjurations
 - Level 4.0 Fire Magic
 - Level 4.2 Air Magic
 - Level 4.0 Alchemy


You had 18 spell levels left.
You knew the following spells:

 Your Spells              Type           Power      Damage    Failure   Level
a - Scorch                Fire           56%        2d7       5%          2
C - Mephitic Cloud        Conj/Alch/Air  29%        N/A       10%         3

Your spell library contained the following spells:

 Spells                   Type           Power      Damage    Failure   Level
 Shock                    Conj/Air       100%       1d9       3%          1
 Swiftness                Air            29%        N/A       9%          3
 Momentum Strike          Conj/Tloc      36%        3d9       11%         2
 Dazzling Flash           Conj/Hex       36%        N/A       21%         3
 Blink                    Tloc           14%        N/A       22%         2
 Lesser Beckoning         Tloc           14%        N/A       22%         2
 Airstrike                Air            14%        2d(3-19)  26%         4
 Gell's Gravitas          Tloc           7%         N/A       38%         3
 Teleport Other           Tloc           7%         N/A       38%         3
 Tukima's Dance           Hex            7%         N/A       38%         3
 Iskenderun's Mystic Bla  Conj/Tloc      18%        2d6       50%         4
 Silence                  Hex/Air        9%         N/A       83%         5
 Curse of Agony           Necr           7%         N/A       98%         5
 Dimensional Bullseye     Hex/Tloc       Unusable   N/A       N/A         4

Dungeon Overview and Level Annotations

Branches:
Dungeon (12/15)            Temple (0/1) D:6            Lair (2/5) D:8
 Spider (0/4) Lair:2          Orc (0/2) D:11
  Swamp: Lair:2-3    Shoals: Lair:2-3

Altars:
Cheibriados
Dithmenos
Elyvilon
Hepliaklqana
Kikubaaqudgha
Makhleb
Qazlal
Sif Muna
Trog
Uskayaw
Vehumet
Yredelemnul
Zin

Shops:
D:5 :   D:10 *

Annotations:
D:3 1 runed translucent door, 1 exclusion
D:7 2 transporters, Estrea's ghost, novice BaSh
D:12 Fannar


Innate Abilities, Weirdness & Mutations

You have sharp claws.
You have razor-sharp teeth.
You have supernaturally acute eyesight. (SInv)
Your thick and shaggy fur keeps you warm. (AC +3, rC+)
Your paws help you pounce on unaware monsters.
You are incapable of wielding weapons or throwing items.
You cannot wear armour.
You gain extra lives every three experience levels.
Your spells are a little harder to cast, but a little more powerful.


Message History

You start resting.
HP restored.
You climb downwards.
A yak comes into view.
There is a stone staircase leading up here.
Casting: Mephitic Cloud (dangerous; 10% risk of failure)
Confirm with . or Enter, or press ? or * to list all spells.
Aiming: Mephitic Cloud (dangerous; 10% risk of failure)
Press: ? - help, Shift-Dir - straight line, f - hornet
Aim: a hornet (moderately wounded, chance to affect: 72%)
The ball explodes into a vile cloud!
The stinking cloud engulfs the hornet.
The hornet is moderately wounded.
The yak bellows!
You hear a bellow! x3; You hear an angry growl.
The hornet is engulfed in noxious fumes.
The hornet appears confused.
A yak comes into view.
Unknown command.
The yak bellows! x2
You scratch the hornet.
The hornet is moderately wounded.
You hear a bellow!
The hornet is engulfed in noxious fumes.
The hornet appears confused.
The hornet buzzes around in tight circles.
The hornet stings you.
You are poisoned.
You feel yourself slow down.
A yak comes into view. x3
You pounce on the helpless hornet from behind!
You mangle the hornet!!
You kill the hornet!
You feel yourself speed up.
You feel very sick.
A yak comes into view.
Unknown command.
You feel sick.
You climb upwards.
You feel very sick.
There is a stone staircase leading down here.
You feel sick.
You feel sick.
You feel sick.
You feel sick.
You feel sick.
You are no longer poisoned.
Magic restored.
HP restored.
There is a stone staircase leading down here.
You climb downwards.
Found a chain mail.
There is a stone staircase leading up here.
Found a scale mail.
l - a wand of paralysis (27) (gained 7 charges)
You enter the shallow water.
Moving in this stuff is going to be slow.
You enter the shallow water.
Moving in this stuff is going to be slow.
Found an escape hatch in the floor.
A blink frog comes into view. x2
The blink frog moves out of view.
Found 9 stones.
You now have 579 gold pieces (gained 17).
A killer bee comes into view.
A meliai comes into view. It is wielding a +0 war axe.
Found a trident.
Found a hole to the Spider Nest.
The killer bee buzzes angrily.
The meliai buzzes angrily.
The meliai calls down the wrath of its god upon something.
Something smites you!
A killer bee comes into view.
The meliai calls down the wrath of its god upon something.
Something smites you!
A killer bee comes into view.
The killer bee misses you.
You barely miss the killer bee. The killer bee closely misses you.
You barely miss the meliai. The killer bee closely misses you.
The meliai mumbles some strange prayers to its god against you.
Something smites you! The killer bee misses you.
The meliai completely misses you. The meliai misses you.
The killer bee buzzes angrily.
Casting: Mephitic Cloud (dangerous; 10% risk of failure)
Confirm with . or Enter, or press ? or * to list all spells.
Aiming: Mephitic Cloud (dangerous; 10% risk of failure)
Press: ? - help, Shift-Dir - straight line, f - killer bee
Aim: a killer bee (chance to affect: 86%)
The ball explodes into a vile cloud!
The stinking cloud engulfs the meliai.
The stinking cloud engulfs you.
The killer bee buzzes angrily.
You are engulfed in noxious fumes.
You hear an angry hiss.
The killer bee stings you.
The meliai is engulfed in noxious fumes.
The meliai appears confused.
The meliai hits you with a +0 war axe!
* * * LOW HITPOINT WARNING * * *
The meliai closely misses you.
The killer bee is engulfed in noxious fumes.
The killer bee appears confused.
The killer bee stings you.
* * * LOW HITPOINT WARNING * * *
The meliai is engulfed in noxious fumes.
The meliai appears confused.
The meliai hits you with a +0 war axe!
You die...

#.......####
##......#.###
...)...##.#.
##.....#.....
#......#..###
#....#..#.#.
##...y#####>#
#....@#§.#y#.
##...§y#y.###
#...§.#...#.
##......#####
#P.....(#####
#.......P###
#.......P#
#.......##
##......#


You could see a meliai (confused) and 3 killer bees.

Vanquished Creatures
  A hydra (Lair:1)
  A manticore (D:11)
  A black mamba (Lair:2)
  An elephant (D:8)
  Joseph (Lair:1)
  A cane toad (Lair:2)
  4 komodo dragons
  A kobold demonologist (D:11)
  2 trolls (D:11)
  A hornet (Lair:2)
  5 blink frogs (Lair:1)
  A shadow (D:10)
  2 wyverns (D:8)
  40 yaks
  A warg (D:11)
  Grum (D:11)
  3 acid dragons
  6 water moccasins
  4 orc warriors
  A sky beast (D:7)
  3 black bears (D:8)
  2 ogres
  3 centaurs
  4 wolves (D:11)
  A phantom (D:5)
  25 kobold brigands
  Blork the orc (D:4)
  6 bullfrogs
  2 scorpions
  3 killer bees (D:10)
  10 howler monkeys
  A jelly (D:6)
  5 orc priests
  2 gnoll boudas (D:8)
  A hound (D:5)
  4 iguanas
  A sleepcap (D:5)
  Natasha (thrice) (D:2)
  6 orc wizards
  Robin (D:3)
  7 adders
  7 gnolls
  2 shadow imps (D:7)
  3 white imps
  3 ribbon worms
  A dart slug (D:4)
  30 orcs
  A bat (D:1)
  5 endoplasms
  2 giant cockroaches
  9 goblins
  10 hobgoblins
  5 jackals
  20 kobolds
  3 quokkas
  2 ball pythons
  3 frilled lizards
  6 rats
281 creatures vanquished.

Vanquished Creatures (others)
  A shadow (D:10)
1 creature vanquished.

Grand Total: 282 creatures vanquished

Notes
Turn   | Place    | Note
-------+----------+-------------------------------------------
     0 | D:1      | edsrzf the Felid Cinder Acolyte began the quest for the
                  | Orb.
     0 | D:1      | Reached XP level 1. HP: 12/12 MP: 3/3
    43 | D:1      | Reached skill level 1 in Stealth
   218 | D:1      | Reached XP level 2. HP: 16/16 MP: 4/4
   289 | D:1      | Reached skill level 2 in Stealth
   471 | D:1      | You fall into a shaft and drop 1 floor!
   693 | D:2      | Reached XP level 3. HP: 16/20 MP: 5/5
   775 | D:2      | Noticed Natasha
   787 | D:2      | Killed Natasha
   788 | D:2      | Reached skill level 3 in Stealth
   852 | D:2      | Reached skill level 4 in Unarmed Combat
   852 | D:2      | Noticed Natasha
   861 | D:2      | Killed from afar by Natasha
   861 | D:2      | Lost a life (0 lives remaining)
   877 | D:2      | Killed Natasha
   878 | D:2      | Reached XP level 4. HP: 15/24 MP: 6/6
   878 | D:2      | Gained a life (1 life remaining)
   892 | D:2      | Reached skill level 4 in Stealth
  1086 | D:2      | Noticed Natasha
  1103 | D:2      | Slain by a cerulean imp
  1103 | D:2      | Lost a life (0 lives remaining)
  1135 | D:2      | Killed Natasha
  1426 | D:3      | Reached XP level 5. HP: 22/28 MP: 7/7
  1645 | D:3      | Found the +6 shillelagh "Devastator" {shatter}
  1659 | D:3      | Found a runed translucent door.
  1664 | D:3      | Identified the +6 hammer "Usanwuis" {heavy, ^Drain rF+++
                  | rN+++ Int-3}
  1748 | D:3      | Learned a level 2 spell: Scorch
  1793 | D:3      | Reached skill level 5 in Stealth
  2031 | D:3      | Noticed Robin
  2042 | D:3      | Killed Robin
  2165 | D:4      | Reached skill level 5 in Unarmed Combat
  2341 | D:4      | Reached skill level 6 in Stealth
  2341 | D:4      | Gained mutation: You are covered in thick fur. (AC +2)
                  | [Felid growth]
  2341 | D:4      | Reached XP level 6. HP: 18/32 MP: 8/8
  2369 | D:4      | Noticed Blork the orc
  2376 | D:4      | Killed Blork the orc
  2977 | D:5      | Entered Level 5 of the Dungeon
  2981 | D:5      | Reached skill level 7 in Stealth
  3095 | D:5      | Reached skill level 6 in Unarmed Combat
  3095 | D:5      | Reached XP level 7. HP: 18/36 MP: 9/9
  3095 | D:5      | Gained a life (1 life remaining)
  3254 | D:5      | Found Lijenk's Book Shoppe.
  3384 | D:5      | Reached skill level 8 in Stealth
  3541 | D:5      | Slain by a sleepcap
  3541 | D:5      | Lost a life (0 lives remaining)
  4155 | D:5      | Reached skill level 9 in Stealth
  4155 | D:5      | Reached skill level 7 in Unarmed Combat
  4183 | D:6      | Reached XP level 8. HP: 40/40 MP: 10/10
  4194 | D:6      | Found a hazy altar of Hepliaklqana.
  4235 | D:6      | Identified the +2 robe of Xar Oger {Fly rCorr MP+9 Stlth-}
  4277 | D:6      | Found a glowing silver altar of Zin.
  4312 | D:6      | Found a staircase to the Ecumenical Temple.
  4323 | D:6      | Reached skill level 10 in Stealth
  4581 | D:6      | Reached skill level 8 in Unarmed Combat
  4677 | D:7      | Identified 4 potions of mutation
  4677 | D:7      | Gained mutation: Your spells are a little harder to cast,
                  | but a little more powerful. [potion of mutation]
  4678 | D:7      | Identified 3 potions of lignification
  4850 | D:7      | Found a bloodstained altar of Trog.
  4850 | D:7      | Noticed a two-headed ogre
  4850 | D:7      | Noticed Estrea's ghost (novice BaSh)
  4851 | D:7      | Noticed a moth of wrath
  4861 | D:7      | Found a transporter.
  4870 | D:7      | Found a transporter.
  4907 | D:7      | Reached skill level 11 in Stealth
  4921 | D:7      | Reached skill level 3 in Fire Magic
  4957 | D:7      | Reached skill level 2 in Spellcasting
  5363 | D:7      | Found an ancient bone altar of Kikubaaqudgha.
  5597 | D:8      | Reached XP level 9. HP: 35/44 MP: 13/13
  5612 | D:8      | Found a hide-covered altar of Uskayaw.
  5706 | D:8      | Identified 3 scrolls of identify
  5706 | D:8      | Identified a potion of haste
  5707 | D:8      | Identified 2 potions of brilliance
  5708 | D:8      | Identified 2 potions of might
  5802 | D:8      | Found a staircase to the Lair.
  5802 | D:8      | Noticed an elephant
  5829 | D:8      | Reached skill level 9 in Unarmed Combat
  5835 | D:8      | Reached skill level 3 in Spellcasting
  5835 | D:8      | Reached skill level 4 in Fire Magic
  5840 | D:8      | Identified a potion of curing
  5845 | D:8      | Reached skill level 1 in Dodging
  5857 | D:8      | Identified 2 scrolls of teleportation
  5860 | D:8      | Reached skill level 2 in Dodging
  5915 | D:8      | Reached skill level 3 in Dodging
  5989 | D:8      | Reached skill level 4 in Dodging
  5995 | D:8      | Identified a potion of invisibility
  6000 | D:8      | Killed an elephant
  6001 | D:8      | Reached skill level 5 in Dodging
  6203 | D:9      | Reached skill level 10 in Unarmed Combat
  6271 | D:9      | Reached skill level 6 in Dodging
  6296 | D:9      | Reached XP level 10. HP: 49/49 MP: 12/15
  6296 | D:9      | Gained a life (1 life remaining)
  6311 | D:9      | Reached skill level 7 in Dodging
  6570 | D:9      | Reached skill level 8 in Dodging
  6630 | D:9      | Identified a potion of enlightenment
  6795 | D:10     | Entered Level 10 of the Dungeon
  6835 | D:10     | Reached skill level 11 in Unarmed Combat
  7019 | D:10     | Learned a level 3 spell: Mephitic Cloud
  7107 | D:10     | Found a stormy altar of Qazlal.
  7107 | D:10     | Found a snail-covered altar of Cheibriados.
  7149 | D:10     | Reached skill level 1 in Conjurations
  7149 | D:10     | Reached skill level 1 in Alchemy
  7275 | D:10     | Found a white marble altar of Elyvilon.
  7276 | D:10     | Found a shimmering blue altar of Sif Muna.
  7278 | D:10     | Found a basalt altar of Yredelemnul.
  7279 | D:10     | Found a radiant altar of Vehumet.
  7285 | D:10     | Found a shadowy altar of Dithmenos.
  7312 | D:10     | Found a burning altar of Makhleb.
  7612 | D:10     | Reached skill level 2 in Conjurations
  7612 | D:10     | Reached skill level 2 in Alchemy
  7830 | D:10     | Found Nimuzum's General Store.
  7835 | D:10     | Bought a scroll of blinking for 97 gold pieces
  7835 | D:10     | Bought a scroll of fog for 52 gold pieces
  7972 | D:11     | Reached skill level 3 in Conjurations
  7972 | D:11     | Reached skill level 3 in Alchemy
  8270 | D:11     | Reached skill level 4 in Conjurations
  8270 | D:11     | Reached skill level 4 in Alchemy
  8301 | D:11     | Reached skill level 1 in Air Magic
  8307 | D:11     | Found a staircase to the Orcish Mines.
  8426 | D:11     | Noticed Grum
  8436 | D:11     | Reached skill level 2 in Air Magic
  8436 | D:11     | Reached XP level 11. HP: 52/52 MP: 16/16
  8465 | D:11     | Killed Grum
  8504 | D:11     | Reached skill level 3 in Air Magic
  8529 | D:11     | Slain by a manticore
  8529 | D:11     | Lost a life (0 lives remaining)
  8561 | D:11     | Identified 2 potions of heal wounds
  8571 | D:11     | Reached skill level 4 in Air Magic
  8598 | D:11     | Identified a potion of degeneration
  8618 | D:11     | Reached skill level 9 in Dodging
  8710 | D:11     | Reached skill level 4 in Spellcasting
  8984 | D:11     | Reached skill level 10 in Dodging
  9031 | D:11     | Reached skill level 5 in Spellcasting
  9155 | D:12     | Noticed Fannar
  9287 | Lair:1   | Entered Level 1 of the Lair of Beasts
  9302 | Lair:1   | Noticed an eight-headed hydra
  9306 | Lair:1   | Reached skill level 4 in Fighting
  9340 | Lair:1   | Killed an eight-headed hydra
  9353 | Lair:1   | Reached skill level 5 in Fighting
  9353 | Lair:1   | Reached skill level 6 in Spellcasting
  9506 | Lair:1   | Noticed Joseph
  9543 | Lair:1   | Gained mutation: Your thick and shaggy fur keeps you warm.
                  | (AC +3, rC+) [Felid growth]
  9543 | Lair:1   | Reached XP level 12. HP: 52/60 MP: 22/22
  9548 | Lair:1   | Reached skill level 12 in Unarmed Combat
  9598 | Lair:1   | Killed Joseph
  9765 | Lair:1   | Identified the ring "Teocouze" {MP+9 Int+3}
 10177 | Lair:2   | Found a hole to the Spider Nest.
 10182 | Lair:2   | Slain by a meliai

Illustrated notes

Levels and vault maps discovered:
D:1:      doesnt_arrival_eight_statues, layout_basic
D:2:      layout_rooms, uniq_natasha
D:3:      layout_basic, uniq_grinder, uniq_crazy_yiuf_cottage, uniq_robin
D:4:      layout_cave_pods, uniq_blork_the_orc
D:5:      layout_basic, serial_shops, shop_statue
D:6:      layout_rooms, mainiacjoe_overflow_boulevard,
          nzn_hepliaklqana_mist_gate, minmay_temple_entry_grid, st_stairs_7
D:7:      layout_cave_pods, mainiacjoe_overflow_six_doors_small,
          gammafunk_ghost_wrathful_warriors
D:8:      layout_rooms, lemuel_round_altar, david_lair_generic
D:9:      layout_basic
D:10:     layout_basic, nicolae_overflow_hallway_of_the_gods, serial_shops, shop
D:11:     layout_roguey [special_room_kobold], erik_orc_3, uniq_grum
D:12:     layout_basic, uniq_fannar, uniq_sonja, uniq_urug, uniq_snorg
Lair:1:   layout_hall_layers, uniq_joseph
Lair:2:   layout_big_grid, mainiacjoe_swamp_entry_lozenge_pond,
          hellmonk_spider_entry_not_the_bees, grunt_megastairs_1,
          serial_bayou_shore_b, infiniplex_staircase_pool_2

Skill      XL: |  1  2  3  4  5  6  7  8  9 10 11 12 |
---------------+-------------------------------------+-----
Stealth        | 1 2 3 4 6 7 9 11 | 11.0
Unarmed Combat | 4 5 6 7 8 10 11 12 | 12.9
Fire Magic     | 3 4 |  4.0
Spellcasting   | 2 3 6 |  6.0
Dodging        | 6 8 10 | 10.0
Conjurations   | 4 |  4.0
Alchemy        | 4 |  4.0
Air Magic      | 2 4 |  4.2
Fighting       | 5 |  5.0

Action                     |  1- 3 |  4- 6 |  7- 9 | 10-12 || total
---------------------------+-------+-------+-------+-------++-------
  Melee: Unarmed           |    80 |   165 |   283 |   542 ||  1070
         Punch             |     3 |     2 |    19 |    43 ||    67
         Bite              |     8 |    17 |    28 |    73 ||   126
   Cast: Scorch            |       |     4 |    20 |    36 ||    60
         Mephitic Cloud    |       |       |       |    13 ||    13
 Invoke: Fiery Armour      |       |       |     5 |     4 ||     9
  Evoke: Wand              |       |     2 |     1 |     3 ||     6
    Use: Potion            |       |       |     4 |     4 ||     8
         Scroll            |       |       |     4 |     3 ||     7
   Stab: Sleeping          |     1 |    12 |     8 |     5 ||    26
         Paralysed         |       |     1 |       |       ||     1
         Invisible         |       |       |     1 |    12 ||    13
         Distracted        |       |       |       |     3 ||     3
         Confused          |       |       |       |    14 ||    14
 Armour: Skin              |    26 |    55 |   126 |   135 ||   342
  Dodge: Dodged            |    47 |    80 |   212 |   471 ||   810
